 Dungeon Crawl Stone Soup version 0.29-a0-911-g88e6f02907 (webtiles) character file.

Game seed: 6937487859604895682

1043 quixfox the Digger (level 8, -8/41 HPs)
             Began as a Gargoyle Earth Elementalist on July 25, 2022.
             Mangled by a troll (14 damage)
             ... on level 6 of the Dungeon.
             The game lasted 00:10:22 (5262 turns).

quixfox the Digger (Gargoyle Earth Elementalist)    Turns: 5262, Time: 00:10:23

Health: -8/41      AC:  9    Str: 12    XL:     8   Next: 25%
Magic:  22/24      EV: 11    Int: 24    God:
Gold:   291        SH:  0    Dex: 10    Spells: 3/17 levels left

rFire   + . .      SeeInvis .   a - staff of fire
rCold   . . .      Faith    .   (no shield)
rNeg    + . .      Spirit   .   u - +0 robe
rPois   ∞          Reflect  .   d - +1 helmet
rElec   +          Harm     .   (no cloak)
rCorr   .          Rampage  .   (no gloves)
Will    .....                   (no boots)
Stlth   ++........              (no amulet)
HPRegen 0.13/turn               k - +6 ring of intelligence
MPRegen 0.19/turn               r - ring of magical power

@: no status effects
A: sickness immunity, AC +5, negative energy resistance 1, electricity
resistance, torment resistance 1, petrification resistance
a: no special abilities


You were on level 6 of the Dungeon.
You visited 1 branch of the dungeon, and saw 6 of its levels.

You collected 291 gold pieces.

Inventory:

Hand Weapons
 b - a +1 spectral whip
Armour
 d - a +1 helmet (worn)
 u - a +0 robe (worn)
Magical Staves
 a - a staff of fire (weapon)
Jewellery
 c - a +4 ring of evasion
 k - a +6 ring of intelligence (left hand)
 p - a +4 ring of protection
 r - a ring of magical power (right hand)
Wands
 s - a wand of mindburst (15)
Scrolls
 f - a scroll of poison
 h - 2 scrolls of enchant armour
 o - 3 scrolls of teleportation
 t - a scroll of immolation
Potions
 e - a potion of berserk rage {unknown}
 g - 3 potions of degeneration {unknown}
 i - a potion of brilliance {unknown}
 j - a potion of magic
 m - a potion of ambrosia {unknown}
 n - 2 potions of heal wounds {unknown}
 q - 2 potions of attraction
 v - a potion of cancellation {unknown}
 w - 4 potions of might
 x - 7 potions of curing
 z - a potion of flight


   Skills:
 - Level 1.5 Dodging
 - Level 2.1 Stealth
 + Level 5.3 Spellcasting
 + Level 1.5 Conjurations
 - Level 0.7 Transmutations
 + Level 4.7 Fire Magic
 + Level 7.5 Earth Magic


You had 3 spell levels left.
You knew the following spells:

 Your Spells              Type           Power      Damage    Failure   Level
a - Sandblast             Erth           84%        2d18      1%          1
b - Passwall              Tmut/Erth      21%        N/A       2%          2
c - Stone Arrow           Conj/Erth      56%        3d10      4%          3
d - Lehudib's Crystal Sp  Conj/Erth      14%        10d5      100%        8

Your spell library contained the following spells:

 Spells                   Type           Power      Damage    Failure   Level
 Tukima's Dance           Hex            6%         N/A       26%         3
 Petrify                  Tmut/Erth      26%        N/A       16%         4
 Passage of Golubria      Tloc           6%         N/A       65%         4
 Yara's Violent Unravell  Hex/Tmut       4%         3d4       90%         5
 Silence                  Hex/Air        3%         N/A       94%         5


Dungeon Overview and Level Annotations

Branches:
Dungeon (6/15)
 Temple: D:4-7

Altars:
Okawaru

Shops:
D:2 !   D:4 (   D:6 (


Innate Abilities, Weirdness & Mutations

You are immune to sickness and miasma.
Your stone body is resilient. (AC +5)
You are immune to poison.
You resist negative energy. (rN+)
You are resistant to electric shocks. (rElec)
You are resistant to unholy torment.
You are immune to petrification.


Message History

The arrow hits you but does no damage.
You hear a distant slurping noise.
The blast of sand hits the centaur.
The centaur is severely wounded.
The centaur shoots an arrow.
The arrow hits you.
The centaur shoots an arrow.
The arrow hits you.
The centaur shoots an arrow.
The arrow barely misses you.
The blast of sand hits the centaur!
You kill the centaur!
A troll comes into view.
The troll shouts!
There is a stone staircase leading down here.
You see here a staff of fire.
There is a stone staircase leading up here.
You climb upwards.
There is a stone staircase leading down here.
You start resting.
HP restored.
You climb downwards.
The troll barely misses you. x2
The troll completely misses you.
There is a stone staircase leading up here.
The blast of sand hits the troll!!
The troll is heavily wounded.
The troll closely misses you. The troll barely misses you. The troll claws you.
The troll bites you. The troll completely misses you.
The troll closely misses you.
The blast of sand hits the troll!
The troll is almost dead.
The troll bites you! The troll closely misses you. The troll claws you.
The troll bites you!
* * * LOW HITPOINT WARNING * * *
The troll claws you.
* * * LOW HITPOINT WARNING * * *
The troll barely misses you.
Aiming: Sandblast (safe; 1% risk of failure)
Press: ? - help, Q - select action, (/) - cycle Shift-Dir - straight line, f/p - troll
Aim: a troll (severely wounded, 83% to hit)
The blast of sand hits the troll.
The troll is almost dead.
The troll bites you!
You die...

....# #......####.#
....###..###.#....#
......#..# #.#.####
#.###.######.#.# #.#
#........#.#
#.############.#
....T..>.......#
########.###########
# #.#.....T@..# #
#.#.######### #
#.#.# # #.#.# #
#|#T# # #.#.#
#.#.#### #.#....#
#T####.#


You could see a troll.

Vanquished Creatures
  Sigmund (D:3)
  A water moccasin (D:5)
  A black bear (D:5)
  An ice beast (D:5)
  A centaur (D:6)
  2 necrophages (D:4)
  An orc priest (D:4)
  3 hounds
  2 jellies
  2 iguanas (D:5)
  A gnoll (D:1)
  6 adders
  4 worms
  A dart slug (D:5)
  10 orcs
  7 bats
  4 endoplasms (D:3)
  7 giant cockroaches
  3 goblins
  4 hobgoblins (D:3)
  4 jackals
  11 kobolds
  3 quokkas
  4 ball pythons
  2 frilled lizards (D:3)
  4 rats
90 creatures vanquished.

Notes
Turn   | Place    | Note
-------+----------+-------------------------------------------
     0 | D:1      | quixfox the Gargoyle Earth Elementalist began the quest for
                  | the Orb.
     0 | D:1      | Reached XP level 1. HP: 10/10 MP: 3/3
   143 | D:1      | Reached skill level 4 in Earth Magic
   143 | D:1      | Reached XP level 2. HP: 15/15 MP: 0/5
   443 | D:1      | Reached XP level 3. HP: 19/19 MP: 3/6
  1196 | D:2      | Found Xal Lues's Distillery.
  1271 | D:2      | Found a faded altar of an unknown god.
  1819 | D:3      | Reached XP level 4. HP: 22/24 MP: 8/8
  1858 | D:3      | Reached skill level 1 in Fire Magic
  1911 | D:3      | Noticed Sigmund
  2385 | D:3      | Killed Sigmund
  2386 | D:3      | Reached skill level 5 in Earth Magic
  2386 | D:3      | Reached XP level 5. HP: 16/28 MP: 10/10
  2386 | D:3      | Reached XP level 6. HP: 18/32 MP: 11/11
  2867 | D:4      | Found Sely's Weapon Shoppe.
  2879 | D:4      | Reached skill level 6 in Earth Magic
  3162 | D:4      | Reached XP level 7. HP: 36/36 MP: 13/13
  3693 | D:5      | Entered Level 5 of the Dungeon
  3693 | D:5      | Found an iron altar of Okawaru.
  4270 | D:5      | Reached skill level 7 in Earth Magic
  4273 | D:5      | Reached skill level 5 in Spellcasting
  4275 | D:5      | Reached XP level 8. HP: 41/41 MP: 15/15
  4309 | D:5      | Learned a level 2 spell: Passwall
  4313 | D:5      | Learned a level 3 spell: Stone Arrow
  4322 | D:5      | Learned a level 8 spell: Lehudib's Crystal Spear
  4696 | D:5      | Reached skill level 1 in Conjurations
  5106 | D:6      | Found Milaidi's Antique Weapon Shoppe.
  5123 | D:6      | Noticed a troll
  5262 | D:6      | Mangled by a troll

Illustrated notes

Levels and vault maps discovered:
D:1:      psy_arrival_fountain, layout_basic, hangedman_decor_clover_reticule
D:2:      layout_loops_ring, serial_shops, nicolae_square_shop,
          nicolae_ecumenical_pavilion
D:3:      minmay_chambers_of_threes, layout_basic, uniq_sigmund
D:4:      layout_cave_pools, serial_shops, shop_statue,
          kennysheep_pointless_box, kennysheep_nub
D:5:      layout_basic, amcnicky_altar_gilded
D:6:      layout_basic, serial_shops, nicolae_shop_hallway_plus,
          nicolae_shop_waterfront, kennysheep_little_box,
          nicolae_shop_bloodbath_and_beyond, nicolae_shop_window_shopping,
          uniq_maggie

Skill      XL: |  1  2  3  4  5  6  7  8 |
---------------+-------------------------+-----
Earth Magic    | 4 5 6 7 |  7.5
Spellcasting   | 3 4 5 |  5.3
Fire Magic     | 2 3 4 |  4.7
Conjurations   | 1 |  1.5
Dodging        | |  1.5
Stealth        | |  2.1
Transmutations | |  0.7

Action                   |  1- 3 |  4- 6 |  7- 9 || total
-------------------------+-------+-------+-------++-------
 Cast: Sandblast         |    55 |    54 |    44 ||   153
  Use: Scroll            |       |       |    14 ||    14
Armor: Robe              |    12 |    10 |    11 ||    33
Dodge: Dodged            |    19 |    17 |    24 ||    60

Table legend: (Time is in decaauts)
 A = Elapsed time spent in this place.
 B = Non-inter-level travel time spent in this place.
 C = Inter-level travel time spent in this place.
 D = Time resting spent in this place.
 E = Time spent auto-exploring this place.
 F = Levels seen in this place.
 G = Mean time per level.
                   A        B        C        D        E       F      G
               +--------+--------+--------+--------+--------+-----+--------+
         Total |   5413 |   5185 |    228 |   1290 |   3108 |   6 |  902.2 |
       Dungeon |   5413 |   5185 |    228 |   1290 |   3108 |   6 |  902.2 |
               +--------+--------+--------+--------+--------+-----+--------+

Top non-repeatable levels by time:
     D:5: 1248 daAuts
     D:3: 1158 daAuts
     D:4: 1004 daAuts
     D:1: 980 daAuts
     D:2: 819 daAuts
     D:6: 202 daAuts
